 Dungeon Crawl Stone Soup version 0.27-a0-1147-gb3d8e82157 (webtiles) character file.

Game seed: 16760396769492499942

10675 freelancePsychic the Covert (level 11, -14/108 HPs)
             Began as a Kobold Berserker on May 11, 2021.
             Was a High Priest of Trog.
             Killed from afar by a fire dragon (41 damage)
             ... with a blast of flame
             ... on level 11 of the Dungeon.
             The game lasted 00:29:29 (13164 turns).

freelancePsychic the Covert (Kobold Berserker)     Turns: 13164, Time: 00:29:29

Health: -14/108    AC: 10    Str: 23    XL:     11   Next: 97%
Magic:  11/11      EV: 19    Int: 14    God:    Trog [*****.]
Gold:   155        SH:  5    Dex: 15    Spells: 10/10 levels left

rFire    . . .     SeeInvis .   P - +9 rapier of Excruciating Pain {drain, Int+5}
rCold    . . .     Faith    .   (shield restricted)
rNeg     . . .     Spirit   .   m - +0 ring mail
rPois    +         Reflect  +   E - +1 helmet
rElec    .         Harm     .   q - +0 cloak
rCorr    .         Rampage  .   c - +0 pair of gloves
Will     .....                  j - +0 pair of boots
Stlth    ..........             s - amulet of reflection
HPRegen  0.28/turn              x - +6 ring of strength
MPRegen  0.12/turn              I - ring of poison resistance

@: berserking, very quick
A: small, no large weapons, nightstalker 3
a: Renounce Religion, Berserk, Trog's Hand, Brothers in Arms


You were on level 11 of the Dungeon.
You worshipped Trog.
Trog was extremely pleased with you.
You visited 1 branch of the dungeon, and saw 11 of its levels.

You collected 831 gold pieces.
You spent 676 gold pieces at shops.

Inventory:

Hand Weapons
 P - the +9 rapier of Excruciating Pain (weapon) {drain, Int+5}
   (You acquired it on level 6 of the Dungeon)

   A truly terrible weapon, it drains the life of those it strikes.
   It affects your intelligence (+5).
Missiles
 h - 55 poisoned darts
 A - a curare-tipped dart
 N - 2 boomerangs of dispersal
Armour
 c - a +0 pair of gloves (worn)
 j - a +0 pair of boots (worn)
 m - a +0 ring mail (worn)
 n - a +0 plate armour
 q - a +0 cloak (worn)
 E - a +1 helmet (worn)
Jewellery
 s - an amulet of reflection (around neck)
 x - a +6 ring of strength (left hand)
 H - an amulet of regeneration
 I - a ring of poison resistance (right hand)
Wands
 o - a wand of digging (4)
 z - a wand of paralysis (8)
 F - a wand of mindburst (9)
 G - a wand of iceblast (6)
 J - a wand of polymorph (11)
Scrolls
 a - 9 scrolls of teleportation {@r4}
 f - 3 scrolls of fear
 i - 3 scrolls of noise
 r - 2 scrolls of magic mapping
 y - a scroll of enchant armour
 C - a scroll of summoning
 K - a scroll of holy word {unknown}
 O - a scroll of enchant weapon
Potions
 d - 2 potions of flight
 e - 5 potions of curing {@q1}
 g - 2 potions of haste {@q3}
 l - 2 potions of degeneration
 p - a potion of attraction {unknown}
 t - a potion of might {unknown}
 u - 2 potions of resistance
 v - 2 potions of brilliance {unknown}
 B - 3 potions of lignification
 D - 4 potions of heal wounds {@q2}
 L - 3 potions of cancellation {unknown}
 M - a potion of ambrosia {unknown}


   Skills:
 - Level 10.0 Fighting
 + Level 10.3 Short Blades
 - Level 1.5 Armour
 - Level 10.5 Dodging
 - Level 10.7 Stealth
 - Level 10.0 Evocations


You had 10 spell levels left.
You didn't know any spells.
Your spell library was empty.

Dungeon Overview and Level Annotations

Branches:
Dungeon (11/15)            Temple (0/1) D:5             Orc (0/2) D:11
   Lair: D:8-11

Altars:
Dithmenos
Gozag
Sif Muna
Yredelemnul
Beogh

Shops:
D:6 ?

Annotations:
D:5 1 runed translucent door, Sobieck's ghost, novice SpEn
D:7 2 runed translucent doors


Innate Abilities, Weirdness & Mutations

You are small and have problems with some larger weapons.
You are completely attuned to the shadows.


Message History

The two-headed ogre is severely wounded.
Something hits you but does no damage. The orc completely misses you.
You impale the two-headed ogre!!
You kill the two-headed ogre!
Trog accepts your kill. The fire dragon breathes flames at you.
The blast of flame hits you!!! Something hits you.
You hear a shout!
You hear an angry buzzing noise.
Your Short Blades skill increases to level 10!
You are too injured to fight recklessly!
You are too injured to fight recklessly!
You are too injured to fight recklessly!
You are too injured to fight recklessly!
You are too injured to fight recklessly!
You are too injured to fight recklessly!
You are too injured to fight recklessly!
You puncture the fire dragon!
The fire dragon is lightly wounded.
Something hits you! The orc misses you.
You puncture the fire dragon!
The fire dragon is moderately wounded.
Something hits you.
The centaur warrior zombie completely misses you.
The centaur warrior zombie kicks you but does no damage.
A manticore comes into view.
The fire dragon bites you!
* * * LOW HITPOINT WARNING * * *
The fire dragon claws you.
* * * LOW HITPOINT WARNING * * *
The fire dragon barely misses you.
A manticore comes into view.
The orc barely misses you. Something hits you.
* * * LOW HITPOINT WARNING * * *
There is a stone staircase leading up here.
Unknown command.
You feel a strong urge to attack something.
Something completely misses you. The fire dragon breathes flames at you.
The blast of flame hits you!!!
You die...

###....#
.##..#..####
##.#.# ......)##
#.#.# ##.>..#
#.#.######....###
#.#.............#
####..........#
#..........#
#..........####
#.......@.....#
.........o.##.#
...WD).H..#
####Z###..# #.(#
#..# ..#H###..#
#O.....'..#
..##.#o#..#
#..##..#


You could see a fire dragon (catching breath), a manticore, a wraith, an orc and
a centaur warrior zombie.

Vanquished Creatures
  A centaur warrior (D:9)
  4 two-headed ogres
  A deep elf pyromancer (D:11)
  A cyclops (D:11)
  A troll (D:11)
  A slime creature (D:11)
  A yak (D:10)
  3 wyverns
  A steam dragon (D:8)
  4 water moccasins
  2 sky beasts
  6 orc warriors
  A black bear (D:5)
  2 necrophages
  An ice beast (D:6)
  A hornet zombie (D:8)
  4 ogres
  8 centaurs
  A phantom (D:5)
  A kobold brigand (D:6)
  5 bullfrogs
  A gnoll sergeant (D:8)
  2 scorpions (D:5)
  2 water moccasin zombies
  6 killer bees (D:8)
  11 wights
  5 howler monkeys
  2 centaur zombies
  7 orc priests
  3 hounds (D:5)
  A jelly (D:3)
  A bullfrog skeleton (D:5)
  A centaur skeleton (D:7)
  4 iguanas
  4 orc wizards
  A howler monkey zombie (D:8)
  10 adders
  7 gnolls
  A shadow imp (D:5)
  A white imp (D:6)
  2 ufetubi
  3 worms
  5 dart slugs
  43 orcs
  7 endoplasms
  2 giant cockroaches
  8 goblins
  10 hobgoblins
  4 jackals
  3 quokkas
  8 ball pythons
  7 bats
  A frilled lizard (D:1)
  11 kobolds
  14 rats
248 creatures vanquished.

Vanquished Creatures (collateral kills)
  A boulder beetle (D:11)
  A yak (D:11)
  A wyvern (D:11)
  2 black bears (D:11)
  2 centaurs (D:11)
7 creatures vanquished.

Grand Total: 255 creatures vanquished

Notes
Turn   | Place    | Note
-------+----------+-------------------------------------------
     0 | D:1      | freelancePsychic the Kobold Berserker began the quest for
                  | the Orb.
     0 | D:1      | Reached XP level 1. HP: 14/14 MP: 1/1
   410 | D:1      | Reached XP level 2. HP: 19/19 MP: 2/2
   638 | D:1      | Reached skill level 5 in Short Blades
   681 | D:1      | Reached XP level 3. HP: 23/23 MP: 3/3
  1545 | D:1      | Reached ** piety under Trog
  1734 | D:2      | Found a faded altar of an unknown god.
  1787 | D:2      | Reached XP level 4. HP: 26/28 MP: 4/4
  2819 | D:3      | Reached XP level 5. HP: 32/32 MP: 5/5
  3268 | D:3      | Reached *** piety under Trog
  3354 | D:3      | Reached skill level 1 in Stealth
  3373 | D:3      | Reached XP level 6. HP: 37/37 MP: 6/6
  4522 | D:4      | Noticed a wyvern
  4526 | D:4      | Killed a wyvern
  4527 | D:4      | Reached skill level 5 in Stealth
  4527 | D:4      | Reached XP level 7. HP: 41/41 MP: 7/7
  5126 | D:5      | Entered Level 5 of the Dungeon
  5139 | D:5      | Found a staircase to the Ecumenical Temple.
  5158 | D:5      | Found a runed translucent door.
  5167 | D:5      | Noticed Sobieck's ghost (novice SpEn)
  5428 | D:5      | Reached XP level 8. HP: 46/46 MP: 8/8
  5701 | D:5      | Reached skill level 10 in Stealth
  5757 | D:5      | Reached skill level 5 in Dodging
  6631 | D:6      | Reached **** piety under Trog
  6639 | D:6      | Found an opulent altar of Gozag.
  6642 | D:6      | Found a basalt altar of Yredelemnul.
  6813 | D:5      | Reached XP level 9. HP: 51/51 MP: 9/9
  7470 | D:6      | Found Omorelur's Magic Scroll Emporium.
  8073 | D:7      | Found a large runed translucent door.
  8073 | D:7      | Found a large runed translucent door.
  8077 | D:7      | Reached skill level 10 in Dodging
  8225 | D:7      | Reached skill level 1 in Evocations
  8697 | D:7      | Reached XP level 10. HP: 58/58 MP: 10/10
  8771 | D:7      | Reached skill level 5 in Evocations
  9217 | D:8      | Reached skill level 5 in Fighting
  9802 | D:8      | Noticed a two-headed ogre
  9839 | D:8      | Killed a two-headed ogre
 10426 | D:9      | Noticed a two-headed ogre
 10428 | D:9      | Noticed a centaur warrior
 10431 | D:9      | Killed a two-headed ogre
 10445 | D:9      | Killed a centaur warrior
 10446 | D:9      | Reached XP level 11. HP: 65/67 MP: 11/11
 10557 | D:9      | Reached ***** piety under Trog
 10573 | D:9      | Reached skill level 10 in Evocations
 10817 | D:9      | Found a shimmering blue altar of Sif Muna.
 10987 | D:9      | Received a gift from Trog
 11664 | D:10     | Entered Level 10 of the Dungeon
 11819 | D:10     | Found a shadowy altar of Dithmenos.
 12229 | D:10     | Noticed a two-headed ogre
 12233 | D:10     | Killed a two-headed ogre
 12498 | D:11     | Found a staircase to the Orcish Mines.
 12554 | D:11     | Reached skill level 10 in Fighting
 12667 | D:11     | Noticed a boulder beetle
 12679 | D:11     | Killed a boulder beetle
 12948 | D:6      | Bought a scroll of acquirement for 676 gold pieces
 12948 | D:6      | Acquired the +9 rapier of Excruciating Pain {drain, Int+5}
 13040 | D:11     | Noticed a cyclops
 13046 | D:11     | Killed a cyclops
 13052 | D:11     | Noticed a two-headed ogre
 13149 | D:11     | Noticed a deep elf pyromancer
 13154 | D:11     | Noticed a fire dragon
 13157 | D:11     | Killed a deep elf pyromancer
 13160 | D:11     | Killed a two-headed ogre
 13161 | D:11     | Reached skill level 10 in Short Blades
 13162 | D:11     | Noticed a manticore
 13162 | D:11     | Noticed a manticore
 13164 | D:11     | Killed from afar by a fire dragon

Illustrated notes

Levels and vault maps discovered:
D:1:      doesnt_arrival_eight_statues, layout_loops_corners, st_stairs_2
D:2:      layout_loops_ring, ebering_ecumenical_altar_ruins, skrybe_limestone_x
D:3:      layout_basic, gup_sewer_entry_bubbles, minmay_cupped
D:4:      layout_loops_corners
D:5:      minmay_opposing_rooms, layout_gridville,
          minmay_temple_entry_mini_moons, ebering_ghost_sewer_d,
          minmay_starry_boxes
D:6:      layout_basic, overflow_temple_1_default, nicolae_gozag_seed_capital,
          serial_shops, shop_scrolls, amethyst_killhole, nrook_mini_backslash
D:7:      layout_cave_pools, ebering_ghost_disaster_area, minmay_misc_feat_roman
D:8:      layout_rooms, hangedman_decor_diamond_cutter
D:9:      layout_rooms, nicolae_overflow_hidden_temple, special_room
          [special_room_orc]
D:10:     layout_loops_cross, old_standard_altar
D:11:     layout_rooms, david_lair_generic, orc_0_dummy,
          minmay_the_grid_square_5x5_3x3_mashed
          [minmay_the_grid_square_5x5_shuriken,
          minmay_the_grid_square_5x5_misaligned,
          minmay_the_grid_square_5x5_six_small,
          minmay_the_grid_square_5x5_inset,
          minmay_the_grid_square_5x5_megaprize_open,
          minmay_the_grid_square_5x5_mess,
          minmay_the_grid_square_5x5_half_checkered,
          minmay_the_grid_square_5x5_checkered_sparse,
          minmay_the_grid_square_5x5_hourglass]

Skill      XL: |  1  2  3  4  5  6  7  8  9 10 11 |
---------------+----------------------------------+-----
Short Blades   | 5 6 7 8 10 | 10.3
Stealth        | 1 5 9 10 | 10.7
Dodging        | 7 10 | 10.5
Evocations     | 4 9 10 | 10.0
Fighting       | 4 7 10 | 10.0
Armour         | |  1.5

Action                   |  1- 3 |  4- 6 |  7- 9 | 10-12 || total
-------------------------+-------+-------+-------+-------++-------
Melee: Short sword       |    97 |   189 |       |       ||   286
       Dagger            |       |     7 |   346 |   349 ||   702
       Rapier            |       |       |       |    30 ||    30
Invok: Berserk           |     1 |     7 |    13 |    16 ||    37
       Trog's Hand       |       |       |     1 |       ||     1
       Brothers in Arms  |       |       |       |     1 ||     1
Evoke: Wand              |       |       |       |     9 ||     9
  Use: Scroll            |     2 |     4 |       |    15 ||    21
 Stab: Sleeping          |     7 |    18 |    21 |     6 ||    52
       Distracted        |       |       |     3 |     1 ||     4
       Paralysed         |       |       |       |     3 ||     3
Armor: Animal skin       |    11 |    25 |       |       ||    36
       Ring mail         |       |     4 |    50 |    70 ||   124
Dodge: Dodged            |    45 |   101 |   121 |   202 ||   469
Block: Other             |       |       |    32 |    52 ||    84
       Reflection        |       |       |       |     2 ||     2

Table legend: (Time is in decaauts)
 A = Elapsed time spent in this place.
 B = Non-inter-level travel time spent in this place.
 C = Inter-level travel time spent in this place.
 D = Time resting spent in this place.
 E = Time spent auto-exploring this place.
 F = Levels seen in this place.
 G = Mean time per level.
                   A        B        C        D        E       F      G
               +--------+--------+--------+--------+--------+-----+--------+
         Total |  13196 |  12690 |    506 |   2842 |   7767 |  11 | 1199.6 |
       Dungeon |  13196 |  12690 |    506 |   2842 |   7767 |  11 | 1199.6 |
               +--------+--------+--------+--------+--------+-----+--------+

Top non-repeatable levels by time:
     D:1: 1713 daAuts
     D:5: 1604 daAuts
     D:6: 1382 daAuts
     D:9: 1366 daAuts
     D:4: 1249 daAuts
     D:8: 1242 daAuts
     D:3: 1162 daAuts
     D:2: 1042 daAuts
    D:10: 1041 daAuts
     D:7: 1030 daAuts
    D:11: 361 daAuts
